 Dungeon Crawl Stone Soup version 0.30.1-11-g7821555f0a (webtiles) character file.

Game seed: 2386446664893471640

65 Magnesium the Chopper (level 4, -3/35 HPs)
             Began as a Human Berserker on Nov 18, 2023.
             Was a Believer of Trog.
             Slain by Sigmund
             ... wielding a +2 heavy scythe
              (8 damage)
             ... on level 3 of the Dungeon on Nov 19, 2023.
             The game lasted 00:28:59 (1706 turns).

Magnesium the Chopper (Human Berserker)             Turns: 1706, Time: 00:28:59

Health: -3/35      AC:  2    Str: 20    XL:     4   Next: 34%
Magic:  4/4        EV: 12    Int:  7    God:    Trog [**....]
Gold:   68         SH:  0    Dex: 12    Spells: 3/3 levels left

rFire   . . .        a - +1 hand axe
rCold   . . .        (no shield)
rNeg    . . .        b - +0 animal skin
rPois   .            (no helmet)
rElec   .            (no cloak)
rCorr   .            (no gloves)
SInv    .            (no boots)
Will    .....        (no amulet)
Stlth   +            (no ring)
HPRegen 0.25/turn    (no ring)
MPRegen 0.09/turn

%: no passive effects
@: confused
A: no striking features
a: Renounce Religion, Berserk, Trog's Hand


You were on level 3 of the Dungeon.
You worshipped Trog.
Trog was pleased with you.
You visited 1 branch of the dungeon, and saw 3 of its levels.

You collected 68 gold pieces.

Inventory:

Hand Weapons
 a - a +1 hand axe (weapon)
Missiles
 f - 19 stones (quivered)
Armour
 b - a +0 animal skin (worn)
 h - a +1 ring mail
Magical Staves
 n - a staff of conjuration
Scrolls
 c - a scroll of enchant weapon
 i - a scroll of fog {unknown}
 j - 2 scrolls of teleportation {unknown}
 l - a scroll of identify {unknown}
 m - a scroll of brand weapon {unknown}
Potions
 e - a potion of berserk rage {unknown}
 g - a potion of curing {unknown}
 k - a potion of might {unknown}


   Skills:
 + Level 3.4 Fighting
 + Level 3.8 Axes
 + Level 2.2 Armour
 + Level 2.8 Dodging
 + Level 0.1 Stealth


You had 3 spell levels left.
You didn't know any spells.
Your spell library was empty.

Dungeon Overview and Level Annotations

Branches:
Dungeon (3/15)

Altars:

Annotations:
D:3 Sigmund


Message History

Sigmund closely misses you.
You barely miss Sigmund.
Sigmund is moderately wounded.
You hit Sigmund but do no damage.
Sigmund is moderately wounded.
Sigmund closely misses you.
You closely miss Sigmund.
Sigmund is moderately wounded.
You slash Sigmund!
Sigmund is heavily wounded.
Sigmund hits you with a +2 heavy scythe.
You hit Sigmund.
Sigmund is severely wounded.
You closely miss Sigmund.
Sigmund is severely wounded.
Sigmund misses you.
You closely miss Sigmund.
Sigmund is severely wounded.
You barely miss Sigmund.
Sigmund is severely wounded.
Sigmund closely misses you.
You closely miss Sigmund.
Sigmund is severely wounded.
You closely miss Sigmund.
Sigmund is severely wounded.
Sigmund points at you and mumbles some strange words.
You are confused.
You bump into the rock wall.
Sigmund gestures at you while chanting. The puff of flame misses you.
You hit Sigmund.
Sigmund is almost dead.
Sigmund gestures at you while chanting. The puff of flame hits you!
You bump into the rock wall.
Sigmund points at you and mumbles some strange words.
The puff of flame hits you!
* * * LOW HITPOINT WARNING * * *
Sigmund hits you with a +2 heavy scythe!
You die...

#.#. ####....
#. ..#.#.# #.
#..... #.#
#...# # #..
#..#
##.#..######..#
...).......@@.#
..#....####.##
#..#.## #.#
#..@<.# #.#
#.........#
##....###...
#.#... ....
..######### ###


You could see Sigmund.

Vanquished Creatures
  A gnoll (D:1)
  An adder (D:2)
  2 worms (D:2)
  2 dart slugs
  3 orcs (D:2)
  6 ball pythons
  3 bats (D:2)
  4 endoplasms
  3 goblins
  2 hobgoblins (D:2)
  3 kobolds
  4 rats (D:2)
34 creatures vanquished.

Notes
Turn   | Place    | Note
-------+----------+-------------------------------------------
     0 | D:1      | Magnesium the Human Berserker began the quest for the Orb.
     0 | D:1      | Reached XP level 1. HP: 18/18 MP: 1/1
   351 | D:1      | Reached XP level 2. HP: 10/24 MP: 2/2
   736 | D:1      | Reached XP level 3. HP: 25/29 MP: 3/3
  1398 | D:2      | Reached XP level 4. HP: 34/35 MP: 4/4
  1498 | D:3      | Noticed Sigmund
  1576 | D:2      | Reached ** piety under Trog
  1706 | D:3      | Slain by Sigmund

Illustrated notes

Levels and vault maps discovered:
D:1:      lemuel_arrival_behind_the_door_small, layout_loops_ring,
          grunt_decor_one_mirror
D:2:      layout_rooms, columned_hall_lemuel
D:3:      layout_loops_ring, minmay_shallow_snake_nest, uniq_jessica,
          uniq_sigmund

Action                     |  1- 3 |  4- 6 || total
---------------------------+-------+-------++-------
  Melee: Hand axe          |    85 |    35 ||   120
         Punch             |     1 |       ||     1
  Throw: Stone             |     7 |       ||     7
 Invoke: Berserk           |     1 |       ||     1
    Use: Potion            |     1 |     1 ||     2
         Scroll            |     3 |       ||     3
 Armour: Animal skin       |     5 |     6 ||    11
  Dodge: Dodged            |    54 |    38 ||    92
